 Dungeon Crawl Stone Soup version 0.28.0 (webtiles) character file.

Game seed: 1170508450772089354

223 browni3141 the Chopper (level 5, -1/47 HPs)
             Began as a Minotaur Berserker on Feb 17, 2022.
             Was a Believer of Trog.
             Slain by a hornet (5 damage)
             ... while paralysed by a hornet
             ... on level 4 of the Dungeon.
             The game lasted 00:01:23 (3050 turns).

browni3141 the Chopper (Minotaur Berserker)         Turns: 3050, Time: 00:01:24

Health: -1/47      AC: 11    Str: 23    XL:     5   Next: 66%
Magic:  4/4        EV:  2    Int:  4    God:    Trog [**....]
Gold:   72         SH:  0    Dex: 10    Spells: 4/4 levels left

rFire   + . .      SeeInvis .   k - +0 broad axe
rCold   . . .      Faith    .   (no shield)
rNeg    . . .      Spirit   .   o - +0 plate armour
rPois   .          Reflect  .   (helmet restricted)
rElec   .          Harm     .   (no cloak)
rCorr   .          Rampage  .   (no gloves)
Will    .....                   (no boots)
Stlth   ..........              (no amulet)
HPRegen 0.15/turn               F - ring of protection from fire
MPRegen 0.09/turn               (no ring)

@: paralysed, slowed
A: horns 2, retaliatory headbutt
a: Renounce Religion, Berserk, Trog's Hand


You were on level 4 of the Dungeon.
You worshipped Trog.
Trog was pleased with you.
You visited 1 branch of the dungeon, and saw 4 of its levels.

You collected 112 gold pieces.
You spent 40 gold pieces at shops.


Innate Abilities, Weirdness & Mutations

You have a pair of horns on your head.
You reflexively headbutt those who attack you in melee.


   Skills:
 + Level 4.9 Fighting
 * Level 6.1 Axes
 + Level 4.1 Armour
 - Level 2.1 Dodging


You had 4 spell levels left.
You didn't know any spells.
Your spell library was empty.

Inventory:

Hand Weapons
 a - a +0 hand axe
 k - a +0 broad axe (weapon)
Armour
 b - a +0 animal skin
 o - a +0 plate armour (worn)
Jewellery
 F - a ring of protection from fire (left hand)
Scrolls
 c - 2 scrolls of immolation {unknown}
 d - 4 scrolls of identify {unknown}
 h - a scroll of enchant armour {unknown}
 i - a scroll of teleportation {unknown}
 l - 4 scrolls of blinking {unknown}
Potions
 e - 2 potions of flight {unknown}
 f - a potion of might {unknown}
 g - a potion of attraction {unknown}
 j - a potion of mutation {unknown}
 m - a potion of berserk rage {unknown}
 n - a potion of curing {unknown}
 p - a potion of heal wounds {unknown}

Dungeon Overview and Level Annotations

Branches:
Dungeon (4/15)
 Temple: D:4-7

Altars:

Shops:
D:2

( ##. ##..
...### ....##
....## )...##
#y...##
...######@....##
.........†.....#
######.########
#...## ###..###
##...# ###.# #.#
#.#


You could see a hornet.


Message History

The jackal bites you but does no damage. x2
A jackal is nearby!
You barely miss the jackal. The jackal bites you.
A jackal is nearby!
You miss the jackal.
The jackal bites you but does no damage. x2
You slash the jackal!
You kill the jackal!
Trog accepts your kill.
A hornet comes into view.
A hornet is nearby!
Found a trident.
The hornet buzzes angrily.
The hornet stings you!
You feel yourself slow down.
Things that are here:
a grey potion; a jackal corpse; a jackal corpse A hornet is nearby!
You miss the hornet.
You feel yourself speed up. The hornet stings you!
* * * LOW HITPOINT WARNING * * *
You suddenly lose the ability to move!
The hornet stings you!
* * * LOW HITPOINT WARNING * * *
You feel yourself slow down. The hornet stings you.
* * * LOW HITPOINT WARNING * * *
You feel as though you will be slow longer.
The hornet stings you.
* * * LOW HITPOINT WARNING * * *
You shrug off the repeated paralysis!
The hornet stings you.
You die...

Skill      XL: |  1  2  3  4  5 |
---------------+----------------+-----
Axes           | 4 5 6 |  6.1
Fighting       | 4 |  4.9
Armour         | 3 4 |  4.1
Dodging        | |  2.1

Action                   |  1- 3 |  4- 6 || total
-------------------------+-------+-------++-------
Melee: Hand axe          |    68 |    42 ||   110
       Headbutt          |     7 |    12 ||    19
       Punch             |     2 |     1 ||     3
       Broad axe         |       |    29 ||    29
Invok: Berserk           |     1 |     1 ||     2
 Stab: Sleeping          |       |     1 ||     1
Armor: Animal skin       |    20 |    16 ||    36
       Plate armour      |       |    10 ||    10
Dodge: Dodged            |    66 |    56 ||   122

Levels and vault maps discovered:
D:1:      matt_arrival_debris, layout_basic
D:2:      layout_basic, serial_shops, shop,
          shapermc_ecumenical_altar_mp_highgroup
D:3:      minmay_bubble_buster, layout_loops_cross,
          gammafunk_temple_overflow_pools, serial_shops, nicolae_square_shop,
          chequers_serial_rivers_room_b, hangedman_abyss_or_decor_lesser_grid,
          dk_vineyard_2, chequers_serial_rivers_micro_c, minivault_19
D:4:      layout_rooms, nrook_mini_backslash, nicolae_figureground_pulse,
          uniq_natasha

Notes
Turn   | Place    | Note
-------+----------+-------------------------------------------
     0 | D:1      | browni3141 the Minotaur Berserker began the quest for the
                  | Orb.
     0 | D:1      | Reached XP level 1. HP: 19/19 MP: 0/0
   282 | D:1      | Reached skill level 4 in Axes
   335 | D:1      | Reached XP level 2. HP: 22/27 MP: 1/1
   725 | D:1      | Reached skill level 4 in Fighting
   729 | D:1      | Reached ** piety under Trog
   733 | D:1      | Reached XP level 3. HP: 21/33 MP: 2/2
   873 | D:1      | Reached skill level 3 in Armour
  1144 | D:2      | Reached XP level 4. HP: 14/40 MP: 3/3
  1293 | D:2      | Reached skill level 5 in Axes
  1831 | D:2      | Noticed an ogre
  1837 | D:2      | HP: 4/61 [ogre (21)]
  1838 | D:2      | Killed an ogre
  1839 | D:2      | Reached XP level 5. HP: 5/47 MP: 4/4
  1842 | D:2      | Reached skill level 4 in Armour
  1845 | D:2      | HP: 5/70 [bat (1)]
  1858 | D:2      | HP: 4/47 [bat (1)]
  2240 | D:2      | Found a faded altar of an unknown god.
  2388 | D:2      | Found Teaf's Weapon Shop.
  2393 | D:2      | Bought a +0 broad axe for 40 gold pieces
  2568 | D:3      | Reached skill level 6 in Axes
  3047 | D:4      | Noticed a hornet
  3049 | D:4      | Paralysed by a hornet for 3 turns
  3050 | D:4      | HP: 4/47 [hornet (3)]
  3050 | D:4      | Slain by a hornet

Vanquished Creatures
  An ogre (D:2)
  2 adders (D:2)
  3 gnolls (D:2)
  An ufetubus (D:4)
  2 worms (D:2)
  4 orcs
  7 endoplasms
  3 giant cockroaches
  2 hobgoblins (D:1)
  5 jackals
  6 quokkas
  3 ball pythons
  10 bats
  3 frilled lizards
  6 goblins
  12 kobolds
  3 rats
73 creatures vanquished.

Table legend: (Time is in decaauts)
 A = Elapsed time spent in this place.
 B = Non-inter-level travel time spent in this place.
 C = Inter-level travel time spent in this place.
 D = Time resting spent in this place.
 E = Time spent auto-exploring this place.
 F = Levels seen in this place.
 G = Mean time per level.
                   A        B        C        D        E       F      G
               +--------+--------+--------+--------+--------+-----+--------+
         Total |   3083 |   2962 |    121 |    156 |   2379 |   4 |  770.8 |
       Dungeon |   3083 |   2962 |    121 |    156 |   2379 |   4 |  770.8 |
               +--------+--------+--------+--------+--------+-----+--------+

Top non-repeatable levels by time:
     D:2: 1401 daAuts
     D:1: 1096 daAuts
     D:3: 524 daAuts
     D:4: 61 daAuts

Table legend:
 A = Non-vault XP
 B = Vault XP
 C = Vault XP percentage of total XP
 D = Non-vault monster count
 E = Vault monster count
 F = Vault count percentage of total count
                 A         B        C        D         E       F
            +---------+---------+-------+---------+---------+-------
      Total |     298 |      21 |   6.6 |      62 |      11 |  15.1
            +---------+---------+-------+---------+---------+-------
        D:1 |      52 |       0 |   0.0 |      32 |       0 |   0.0
        D:2 |     226 |       0 |   0.0 |      23 |       0 |   0.0
        D:3 |       6 |      21 |  77.8 |       3 |      11 |  78.6
        D:4 |      14 |       0 |   0.0 |       4 |       0 |   0.0
            +---------+---------+-------+---------+---------+-------
